 Dungeon Crawl Stone Soup version 0.29.0-4-gdea44cf6ec (webtiles) character file.

Game seed: 6407644401590432483

131 qw the Ruffian (level 5, -5/40 HPs)
             Began as a Ghoul Fire Elementalist on Aug 29, 2022.
             Killed from afar by Ijyb (9 damage)
             ... with a bolt of dispelling energy
             ... on level 3 of the Dungeon.
             The game lasted 00:02:05 (2230 turns).

qw the Ruffian (Ghoul Fire Elementalist)            Turns: 2230, Time: 00:02:05

Health: -5/40      AC:  9    Str: 14    XL:     5   Next: 14%
Magic:  6/6        EV:  6    Int: 10    God:
Gold:   16         SH:  0    Dex:  9    Spells: 6/7 levels left

rFire   . . .      SeeInvis .     - Unarmed
rCold   + . .      Faith    .   (no shield)
rNeg    + + +      Spirit   .   j - +0 chain mail
rPois   inf        Reflect  .   c - +0 helmet
rElec   .          Harm     .   (no cloak)
rCorr   .          Rampage  .   (no gloves)
Will    .....                   (no boots)
Stlth   ..........              (no amulet)
HPRegen 0.00/turn               (no ring)
MPRegen 0.10/turn               (no ring)

@: inhibited regen
A: claws 1, cold resistance 1, negative energy resistance 3, inhibited
regeneration, torment resistance 2, devour on kill
a: no special abilities


You were on level 3 of the Dungeon.
You visited 1 branch of the dungeon, and saw 3 of its levels.

You collected 88 gold pieces.
You spent 72 gold pieces at shops.


Innate Abilities, Weirdness & Mutations

You are immune to poison.
You have sharp fingernails.
Your flesh is cold resistant. (rC+)
You are immune to negative energy. (rN+++)
You do not regenerate when monsters are visible.
You are immune to unholy pain and torment.
You thrive by killing the living.


   Skills:
 + Level 1.3 Fighting
 - Level 1.3 Armour
 - Level 1.7 Dodging
 - Level 2.1 Stealth
 - Level 4.3 Unarmed Combat
 - Level 1.7 Spellcasting
 - Level 0.7 Conjurations
 - Level 2.4 Fire Magic


You had 6 spell levels left.
You knew the following spells:

 Your Spells              Type           Power      Damage    Failure   Level
a - Foxfire               Conj/Fire      16%        2x1d4     99%         1

Your spell library contained the following spells:

 Spells                   Type           Power      Damage    Failure   Level
 Scorch                   Fire           10%        2d6       99%         2
 Conjure Flame            Conj/Fire      4%         6-21      100%        3
 Inner Flame              Hex/Fire       3%         N/A       100%        3
 Flame Wave               Conj/Fire      4%         2d5       100%        4

Inventory:

Missiles
 m - 3 javelins (quivered)
Armour
 c - a +0 helmet (worn)
 j - a +0 chain mail (worn)
Jewellery
 n - an amulet of faith
Scrolls
 a - a scroll of silence {unknown}
 f - a scroll of blinking {unknown}
 h - a scroll of enchant weapon {unknown}
 k - a scroll of acquirement {unknown}
Potions
 b - a potion of lignification {unknown}
 e - a potion of invisibility {unknown}
 i - a potion of flight {unknown}
 l - a potion of haste {unknown}

Dungeon Overview and Level Annotations

Branches:
Dungeon (3/15)

Altars:
Uskayaw

Shops:
D:1 !   D:3 ?

Annotations:
D:3 Ijyb


Message History

You scratch Ijyb.
Ijyb is heavily wounded.
Ijyb hits you with a +0 club.
You scratch Ijyb but do no damage.
Ijyb is heavily wounded.
Ijyb hits you with a +0 club.
You barely miss Ijyb.
Ijyb is heavily wounded.
Ijyb barely misses you.
You scratch Ijyb.
Ijyb is heavily wounded.
Ijyb zaps a wand.
The bolt of dispelling energy hits you!
2223 ||| READING 2 scrolls of teleportation.
As you read the scroll of teleportation, it crumbles to dust.
You feel strangely unstable. Ijyb closely misses you.
2224 ||| DRINKING potion of heal wounds.
You feel much better.
Ijyb zaps a wand.
The bolt of dispelling energy hits you!
You feel strangely stable.
You scratch Ijyb but do no damage.
Ijyb is heavily wounded.
You closely miss Ijyb.
Ijyb is heavily wounded.
Ijyb hits you but does no damage.
You closely miss Ijyb.
Ijyb is heavily wounded.
Ijyb hits you with a +0 club.
You closely miss Ijyb.
Ijyb is heavily wounded.
Ijyb hits you with a +0 club.
You scratch Ijyb but do no damage.
Ijyb is heavily wounded.
Ijyb zaps a wand.
The bolt of dispelling energy hits you!
2230 ||| READING scroll of teleportation.
As you read the scroll of teleportation, it crumbles to dust.
You feel strangely unstable.
Ijyb zaps a wand.
The bolt of dispelling energy hits you!
You feel strangely stable.
You die...

## #####. .)......
################.#####..
......g.............>...
#@# #..#........ #.#
##..##.#####). #.#
#..#..<....)..
#.###.##########..
#...............).
#####.####........ ...#
#...(.... .....#
#........ #......#
#.......<


You could see Ijyb.

Vanquished Creatures
  2 orc wizards (D:3)
  Robin (D:2)
  An adder (D:2)
  A worm (D:2)
  2 orcs (D:3)
  3 endoplasms
  A giant cockroach (D:2)
  12 goblins
  4 hobgoblins
  3 quokkas (D:1)
  8 ball pythons
  2 bats (D:1)
  10 frilled lizards
  A kobold (D:2)
  6 rats
57 creatures vanquished.

Vanquished Creatures (others)
  5 plants (D:1)
5 creatures vanquished.

Grand Total: 62 creatures vanquished

Notes
Turn   | Place    | Note
-------+----------+-------------------------------------------
     0 | D:1      | qw the Ghoul Fire Elementalist began the quest for the Orb.
     0 | D:1      | Reached XP level 1. HP: 14/14 MP: 2/2
     0 | D:1      | 0 ||| qw: Version: 0.1-a-90-g952f4b7
     0 | D:1      | 0 ||| qw: Game counter: 3840
     0 | D:1      | 0 ||| qw: Always use a shield: true
     0 | D:1      | 0 ||| qw: God list: Okawaru
     0 | D:1      | 0 ||| qw: Allow faded altars: false
     0 | D:1      | 0 ||| qw: Do Orc after D:15 true
     0 | D:1      | 0 ||| qw: Do second Lair branch before Depths: true
     0 | D:1      | 0 ||| qw: Lair rune preference: random
     0 | D:1      | 0 ||| qw: Plans: Normal
     0 | D:1      | 0 ||| PLANNING D:1-11
   216 | D:1      | Reached skill level 1 in Unarmed Combat
   271 | D:1      | Found a faded altar of an unknown god.
   349 | D:1      | Reached XP level 2. HP: 22/22 MP: 3/3
   383 | D:1      | Reached skill level 1 in Fighting
   391 | D:1      | Found Vicleoce's Distillery.
   435 | D:1      | 435 ||| SHOPLISTING potion of curing (36 gold, have 35).
   435 | D:1      | 435 ||| SHOPLISTING potion of heal wounds (60 gold, have
                  | 35).
   566 | D:1      | 566 ||| Stepping ~*~*~tactically~*~*~ (stealth).
   568 | D:1      | 568 ||| Stepping ~*~*~tactically~*~*~ (stealth).
   570 | D:1      | 570 ||| Stepping ~*~*~tactically~*~*~ (stealth).
   573 | D:1      | 573 ||| Stepping ~*~*~tactically~*~*~ (outnumbered).
   635 | D:1      | Reached skill level 2 in Unarmed Combat
   914 | D:1      | 914 ||| Stepping ~*~*~tactically~*~*~ (stealth).
   916 | D:1      | 916 ||| Stepping ~*~*~tactically~*~*~ (stealth).
   918 | D:1      | 918 ||| Stepping ~*~*~tactically~*~*~ (stealth).
   939 | D:1      | Reached XP level 3. HP: 28/28 MP: 4/4
  1011 | D:1      | 1011 ||| UPGRADING to +0 ring mail.
  1021 | D:1      | 1021 ||| DROPPING +0 robe.
  1022 | D:1      | 1022 ||| UPGRADING to +0 scale mail.
  1032 | D:1      | 1032 ||| DROPPING +0 ring mail.
  1033 | D:1      | 1033 ||| UPGRADING to +0 chain mail.
  1043 | D:1      | 1043 ||| DROPPING +0 scale mail.
  1044 | D:1      | 1044 ||| READING scroll labelled XACSIU IBLOEBO.
  1045 | D:1      | 1045 ||| READING scroll labelled EPROTR REVIEBB.
  1046 | D:1      | 1046 ||| DRINKING 2 sapphire potions.
  1047 | D:1      | 1047 ||| DRINKING 2 pink potions.
  1048 | D:1      | 1048 ||| DROPPING potion of magic.
  1049 | D:1      | 1049 ||| DROPPING potion of brilliance.
  1076 | D:2      | 1076 ||| STAIRDANCE
  1392 | D:2      | Reached skill level 3 in Unarmed Combat
  1432 | D:2      | Found a hide-covered altar of Uskayaw.
  1434 | D:2      | Noticed Robin
  1438 | D:2      | 1438 ||| Stepping ~*~*~tactically~*~*~ (outnumbered).
  1439 | D:2      | 1439 ||| Stepping ~*~*~tactically~*~*~ (outnumbered).
  1440 | D:2      | 1440 ||| Stepping ~*~*~tactically~*~*~ (outnumbered).
  1441 | D:2      | 1441 ||| Stepping ~*~*~tactically~*~*~ (outnumbered).
  1442 | D:2      | 1442 ||| Stepping ~*~*~tactically~*~*~ (outnumbered).
  1443 | D:2      | 1443 ||| Stepping ~*~*~tactically~*~*~ (hiding).
  1463 | D:2      | Reached XP level 4. HP: 13/35 MP: 5/5
  1468 | D:2      | HP: 8/35 [Robin/+0 spear (1)]
  1469 | D:2      | 1469 ||| DRINKING 2 potions of heal wounds.
  1482 | D:2      | Killed Robin
  1605 | D:2      | Identified the +0 robe of the Wheelwright {Will- rCorr
                  | Str+3 Int+5}
  1899 | D:2      | 1899 ||| UPGRADING to +0 helmet.
  1904 | D:2      | 1904 ||| READING scroll labelled XICILEUDGHO.
  1905 | D:2      | 1905 ||| READING scroll labelled ODELIL MEFF.
  1906 | D:2      | 1906 ||| DRINKING 2 inky potions.
  1923 | D:3      | Found Celu's Magic Scroll Shoppe.
  1929 | D:3      | 1929 ||| Stepping ~*~*~tactically~*~*~ (stealth).
  1930 | D:3      | 1930 ||| Stepping ~*~*~tactically~*~*~ (stealth).
  1942 | D:3      | 1942 ||| DRINKING potion of curing.
  1942 | D:3      | 1942 ||| (to cure confusion)
  1945 | D:3      | Reached skill level 1 in Armour
  1953 | D:3      | Reached skill level 4 in Unarmed Combat
  1953 | D:3      | Reached XP level 5. HP: 30/40 MP: 6/6
  2039 | D:3      | 2039 ||| BUYING 2 scrolls of teleportation (72 gold).
  2039 | D:3      | Bought 2 scrolls of teleportation for 72 gold pieces
  2039 | D:3      | 2039 ||| SHOPLISTING scroll of identify (24 gold, have 7).
  2039 | D:3      | 2039 ||| SHOPLISTING scroll of teleportation (36 gold, have
                  | 7).
  2203 | D:3      | Noticed Ijyb
  2204 | D:3      | 2204 ||| Stepping ~*~*~tactically~*~*~ (hiding).
  2222 | D:3      | HP: 3/40 [Ijyb/bolt of dispelling energy (10)]
  2223 | D:3      | 2223 ||| READING 2 scrolls of teleportation.
  2224 | D:3      | 2224 ||| DRINKING potion of heal wounds.
  2229 | D:3      | HP: 4/40 [Ijyb/bolt of dispelling energy (9)]
  2230 | D:3      | 2230 ||| READING scroll of teleportation.
  2230 | D:3      | Killed from afar by Ijyb

Levels and vault maps discovered:
D:1:      onia_arrival_handbag, layout_loops_ring,
          hellmonk_ecumenical_altar_lost_god, serial_shops, shop,
          minmay_misc_feat_alley, minmay_lizard_king
D:2:      layout_loops_ring, basic_altar, uniq_robin
D:3:      layout_basic, lemuel_tele_altar, serial_shops,
          nicolae_shop_advertising_works [nicolae_subvault_shop_adworks],
          uniq_terence, uniq_ijyb

Skill      XL: |  1  2  3  4 |
---------------+-------------+-----
Unarmed Combat | 1 2 3 4 |  4.3
Fighting       | 1 |  1.3
Armour         | 1 |  1.3
Dodging        | |  1.7
Stealth        | |  2.1
Spellcasting   | |  1.7
Conjurations   | |  0.7
Fire Magic     | |  2.4

Action                   |  1- 3 |  4- 6 || total
-------------------------+-------+-------++-------
Melee: Unarmed           |   127 |    74 ||   201
       Punch             |     1 |     5 ||     6
  Use: Potion            |     2 |     4 ||     6
       Scroll            |     2 |     4 ||     6
Armor: Robe              |     3 |       ||     3
       Chain mail        |    43 |    45 ||    88
Dodge: Dodged            |    42 |    24 ||    66

Table legend:
 A = Non-vault XP
 B = Vault XP
 C = Vault XP percentage of total XP
 D = Non-vault monster count
 E = Vault monster count
 F = Vault count percentage of total count
                 A         B        C        D         E       F
            +---------+---------+-------+---------+---------+-------
      Total |     142 |      46 |  24.5 |      36 |      21 |  36.8
            +---------+---------+-------+---------+---------+-------
        D:1 |      25 |      11 |  30.6 |      15 |      10 |  40.0
        D:2 |      36 |      35 |  49.3 |      14 |      11 |  44.0
        D:3 |      81 |       0 |   0.0 |       7 |       0 |   0.0
            +---------+---------+-------+---------+---------+-------
